 Dungeon Crawl Stone Soup version 0.29-a0-315-gaf6dd05e2f (webtiles) character file.

Game seed: 5661089012964807693

116 jmlagarto the Gusty (level 5, 0/28 HPs)
             Began as a Tengu Air Elementalist on Mar 29, 2022.
             Slain by earlgrey's ghost (6 damage)
             ... on level 3 of the Dungeon.
             The game lasted 00:05:24 (3331 turns).

jmlagarto the Gusty (Tengu Air Elementalist)        Turns: 3331, Time: 00:05:25

Health: 0/28       AC:  2    Str:  8    XL:     5   Next: 0%
Magic:  4/10       EV: 15    Int: 17    God:
Gold:   149        SH:  5    Dex: 15    Spells: 3/9 levels left

rFire   . . .      SeeInvis .   b - +1 flail (protect)
rCold   . . .      Faith    .   (no shield)
rNeg    . . .      Spirit   .   a - +0 robe
rPois   .          Reflect  +   (helmet restricted)
rElec   .          Harm     .   (no cloak)
rCorr   .          Rampage  .   (no gloves)
Will    .....                   (boots unavailable)
Stlth   ++........              h - amulet of reflection
HPRegen 0.09/turn               o - ring of wizardry
MPRegen 0.12/turn               (no ring)

@: sluggish, flying quickly and evasively, very slow
A: beak, talons 3, nimble flight
a: no special abilities


You were on level 3 of the Dungeon.
You visited 1 branch of the dungeon, and saw 3 of its levels.

You collected 149 gold pieces.

Inventory:

Hand Weapons
 b - a +1 flail of protection (weapon)
Missiles
 d - 8 boomerangs
Armour
 a - a +0 robe (worn)
 j - a +0 tower shield
Jewellery
 h - an amulet of reflection (around neck)
 o - a ring of wizardry (left hand)
Scrolls
 e - a scroll of magic mapping
 f - a scroll of enchant weapon
 g - 2 scrolls of amnesia
 i - 7 scrolls of teleportation
 l - a scroll of blinking {unknown}
 n - a scroll of torment
 p - a scroll of fog
 q - a scroll of enchant armour
Potions
 c - a potion of mutation
 k - a potion of resistance
 m - 3 potions of haste
 r - a potion of degeneration {unknown}


   Skills:
 + Level 3.2 Dodging
 - Level 2.3 Stealth
 + Level 2.7 Spellcasting
 + Level 3.1 Conjurations
 + Level 4.9 Air Magic


You had 3 spell levels left.
You knew the following spells:

 Your Spells              Type           Power      Damage    Failure   Level
a - Shock                 Conj/Air       64%        1d7       1%          1
b - Static Discharge      Conj/Air       16%        N/A       1%          2
c - Swiftness             Air            19%        N/A       2%          3

Your spell library contained the following spells:

 Spells                   Type           Power      Damage    Failure   Level
 Sandblast                Erth           4%         2d4       8%          1
 Passwall                 Tmut/Erth      1%         N/A       11%         2
 Stone Arrow              Conj/Erth      14%        3d7       12%         3
 Inner Flame              Hex/Fire       2%         N/A       21%         3
 Airstrike                Air            9%         N/A       10%         4
 Cause Fear               Hex            1%         N/A       54%         4
 Discord                  Hex            1%         N/A       100%        8


Dungeon Overview and Level Annotations

Branches:
Dungeon (3/15)

Altars:
Beogh

Annotations:
D:3 earlgrey's ghost, amateur PaFi


Innate Abilities, Weirdness & Mutations

You have a beak for a mouth.
You have claws for feet.
Your magical nature lets you fly swiftly and evasively.


Message History

The orc shouts!
The orc shouts!
You open the gate.
Casting: Shock (safe; 1% risk of failure)
Confirm with . or Enter, or press ? or * to list all spells.
You feel quick. Earlgrey's ghost barely misses you.
Casting: Swiftness (dangerous; 2% risk of failure)
Confirm with . or Enter, or press ? or * to list all spells.
Aiming: Shock (safe; 1% risk of failure)
Press: ? - help, Shift-Dir - straight line, f - earlgrey's ghost
Aim: earlgrey's ghost (83% to hit)
The zap hits earlgrey's ghost.
Earlgrey's ghost is lightly damaged.
The zap hits earlgrey's ghost.
Earlgrey's ghost is lightly damaged.
The zap hits earlgrey's ghost.
Earlgrey's ghost is lightly damaged.
The zap hits earlgrey's ghost.
Earlgrey's ghost is moderately damaged.
You start to feel a little slower.
The zap misses earlgrey's ghost.
The zap hits the orc.
You kill the orc!
You have reached level 5!
Your magical nature develops, letting you fly swiftly and evasively.
You feel sluggish.
The zap hits earlgrey's ghost.
Earlgrey's ghost is moderately damaged.
The zap hits the orc.
The orc is heavily wounded.
The zap hits the orc.
The orc is moderately wounded.
Earlgrey's ghost hits you! Earlgrey's ghost hits you!
* * * LOW HITPOINT WARNING * * *
Casting: Shock (safe; 1% risk of failure)
Confirm with . or Enter, or press ? or * to list all spells.
This spell is already in effect.
Earlgrey's ghost attacks as you move away!
Earlgrey's ghost hits you.
You die...

#.# #.# #># #.#
##.#####.# #......#.#
#..###.#.# #######
#..# #...# .....)#
#..# #####
#####.#####..########
# #...........@W..# #
##############o##
############### #.#
.....>........# #o#
.####.#######.# #.#
.####.### #.# #o#
...)....# #.# #.#
..###.#.# #.# #o#
......#.# #.# #.#


You could see earlgrey's ghost and an orc.

Vanquished Creatures
  Terence (D:2)
  3 adders
  5 dart slugs
  2 orcs (D:3)
  3 endoplasms
  3 giant cockroaches
  4 goblins
  4 hobgoblins
  3 jackals (D:1)
  A quokka (D:3)
  6 ball pythons
  2 bats
  5 frilled lizards
  8 kobolds
  5 rats
55 creatures vanquished.

Notes
Turn   | Place    | Note
-------+----------+-------------------------------------------
     0 | D:1      | jmlagarto the Tengu Air Elementalist began the quest for
                  | the Orb.
     0 | D:1      | Reached XP level 1. HP: 10/10 MP: 4/4
   145 | D:1      | Reached XP level 2. HP: 11/15 MP: 1/6
   326 | D:1      | Found a faded altar of an unknown god.
   823 | D:2      | Reached XP level 3. HP: 19/19 MP: 2/7
  1040 | D:2      | Learned a level 2 spell: Static Discharge
  1415 | D:2      | Noticed Terence
  1514 | D:2      | Learned a level 3 spell: Swiftness
  1619 | D:2      | Killed Terence
  1620 | D:2      | Reached XP level 4. HP: 5/24 MP: 6/8
  2967 | D:3      | Found a runed translucent gate.
  2968 | D:3      | Found a runed translucent gate.
  2969 | D:3      | Identified the +8 hunting sling "Lommanao" {speed, rF+}
  2970 | D:3      | Found a runed translucent gate.
  2971 | D:3      | Noticed earlgrey's ghost (amateur PaFi)
  3321 | D:3      | Gained mutation: Your magical nature lets you fly swiftly
                  | and evasively. [Tengu growth]
  3321 | D:3      | Reached XP level 5. HP: 28/28 MP: 3/10
  3331 | D:3      | Slain by earlgrey's ghost

Illustrated notes

Levels and vault maps discovered:
D:1:      minmay_arrival_solitary_statue, layout_basic,
          shapermc_ecumenical_altar_petra
D:2:      layout_loops_corners, uniq_terence
D:3:      layout_basic, biasface_ghost_orc_armoury

Skill      XL: |  1  2  3  4 |
---------------+-------------+-----
Conjurations   | 2 3 |  3.1
Dodging        | 3 |  3.2
Stealth        | |  2.3
Spellcasting   | |  2.7
Air Magic      | |  4.9

Action                   |  1- 3 |  4- 6 || total
-------------------------+-------+-------++-------
Melee: Kick              |     5 |       ||     5
       Unarmed           |     1 |       ||     1
       Spear             |     7 |       ||     7
       Peck              |     1 |       ||     1
 Cast: Shock             |    72 |    50 ||   122
       Static Discharge  |     1 |       ||     1
       Swiftness         |       |     1 ||     1
  Use: Scroll            |     2 |     7 ||     9
       Potion            |     1 |       ||     1
Armor: Robe              |     3 |     1 ||     4
Dodge: Dodged            |     7 |     1 ||     8
Block: Other             |     2 |     2 ||     4

Table legend: (Time is in decaauts)
 A = Elapsed time spent in this place.
 B = Non-inter-level travel time spent in this place.
 C = Inter-level travel time spent in this place.
 D = Time resting spent in this place.
 E = Time spent auto-exploring this place.
 F = Levels seen in this place.
 G = Mean time per level.
                   A        B        C        D        E       F      G
               +--------+--------+--------+--------+--------+-----+--------+
         Total |   3326 |   3270 |     56 |     16 |   2912 |   3 | 1108.7 |
       Dungeon |   3326 |   3270 |     56 |     16 |   2912 |   3 | 1108.7 |
               +--------+--------+--------+--------+--------+-----+--------+

Top non-repeatable levels by time:
     D:2: 1537 daAuts
     D:3: 985 daAuts
     D:1: 803 daAuts
